 Dungeon Crawl Stone Soup version 0.31-a0-276-ge00219d475 (webtiles) character file.

Game seed: 2996244330541894011

6902 AIAndy the Grappler (level 10, -1/88 HPs)
             Began as a Troll Shapeshifter on July 15, 2023.
             Was an Initiate of Gozag.
             Slain by a death yak (26 damage)
             ... on level 9 of the Dungeon.
             The game lasted 00:17:01 (6654 turns).

AIAndy the Grappler (Troll Shapeshifter)            Turns: 6654, Time: 00:17:01

Health: -1/88      AC:  8    Str: 29    XL:     10   Next: 79%
Magic:  9/9        EV: 10    Int:  4    God:    Gozag
Gold:   1068       SH:  0    Dex: 10    Spells: 9/9 levels left

rFire   . .          .
                       - Unarmed
rCold   . . .        (no shield)
rNeg    . . .        a - +0 animal skin
rPois   .            (helmet currently unavailable)
rElec   .            (cloak currently unavailable)
rCorr   .            (gloves unavailable)
SInv    .            (boots unavailable)
Will    .....        i - amulet of magic regeneration
Stlth   +            O - +4 ring of protection
HPRegen 1.14/turn    Y - +4 ring of slaying
MPRegen 0.51/turn

%: no passive effects
@: mighty, beast-form, gold aura, hasted, very quick
A: beast (slay +7), large, unfitting armour, claws 3, regeneration 1, shaggy fur
1, tough skin 1
a: Begin Untransformation, Renounce Religion, Potion Petition, Call Merchant,
Bribe Branch


You were on level 9 of the Dungeon.
You worshipped Gozag.
Gozag was most pleased with you.
You were a hulking beast.
You visited 1 branch of the dungeon, and saw 9 of its levels.

You collected 1120 gold pieces.
You paid 52 gold pieces to Gozag.


Innate Abilities, Weirdness & Mutations

You are a hulking beast.
Your limbs bulge with bestial killing power. (Slay +7)
You are too large for most types of armour.
You have claws for hands.
Your natural rate of healing is unusually fast.
You are covered in fur. (AC +1)
You have tough skin. (AC +1)


   Skills:
 + Level 2.5 Fighting
 + Level 2.5 Dodging
 + Level 11.6 Unarmed Combat
 + Level 10.2 Shapeshifting


You had 9 spell levels left.
You didn't know any spells.
Your spell library contained the following spells:

 Spells                   Type           Power      Damage    Failure   Level
 Apportation              Tloc           0%         N/A       50%         1
 Necrotise                Necr           0%         1d4       50%         1
 Sandblast                Erth           0%         2d4       50%         1
 Slow                     Hex            0%         N/A       50%         1
 Summon Small Mammal      Summ           0%         N/A       50%         1
 Passwall                 Tmut/Erth      0%         N/A       65%         2
 Confusing Touch          Hex            0%         N/A       86%         3
 Gell's Gravitas          Tloc           0%         N/A       86%         3
 Portal Projectile        Hex/Tloc       0%         N/A       86%         3
 Stone Arrow              Conj/Erth      0%         3d7       86%         3
 Teleport Other           Tloc           0%         N/A       86%         3
 Tukima's Dance           Hex            0%         N/A       86%         3
 Vampiric Draining        Necr           0%         2d6       86%         3
 Iskenderun's Mystic Bla  Conj/Tloc      0%         2d3       99%         4
 Dispersal                Tloc           0%         N/A       100%        6

Inventory:

Missiles
 t - 7 boomerangs (quivered)
Armour
 a - a +0 animal skin (worn)
Jewellery
 i - an amulet of magic regeneration (around neck)
 C - a ring of protection from cold
 O - a +4 ring of protection (left claw)
 Y - a +4 ring of slaying (right claw)
Talismans
 c - a beast talisman
Wands
 d - a wand of roots (12)
 F - a wand of flame (6)
Scrolls
 e - 2 scrolls of enchant armour {unknown}
 f - a scroll of vulnerability {unknown}
 k - 2 scrolls of immolation {unknown}
 n - a scroll of amnesia {unknown}
 o - 2 scrolls of noise {unknown}
 p - a scroll of torment {unknown}
 q - a scroll of silence {unknown}
 s - a scroll of blinking {unknown}
 w - 2 scrolls of revelation {unknown}
 y - 5 scrolls of teleportation {unknown}
 B - 3 scrolls of summoning {unknown}
 D - a scroll of fear {unknown}
 E - 2 scrolls of enchant weapon {unknown}
Potions
 b - 4 potions of lignification {!q}
 g - 2 potions of curing {@q1}
 h - 2 potions of attraction {!q}
 j - 2 potions of brilliance
 l - a potion of invisibility {unknown}
 r - 2 potions of mutation {!q}
 x - a potion of haste {@q3}
 z - a potion of heal wounds {@q2}
 A - a potion of enlightenment {unknown}
Miscellaneous
 G - a lightning rod (3/4)

Dungeon Overview and Level Annotations

Branches:
Dungeon (9/15)             Temple (0/1) D:7            Lair (0/5) D:9
    Orc: D:9-12

Altars:
Cheibriados
Gozag
Hepliaklqana
Kikubaaqudgha
Qazlal
Ru
Sif Muna
Vehumet

Shops:
D:7

( #######
#################.....##
...YY..hYY...Y........+.
.Y.##############.....#.
#....... ##.....#.
#.##........
......#Y.Y...
.......Y.....
.o..##...?#... ####
#....##..


You could see 3 death yaks and 3 yaks.


Message History

The death yak is lightly wounded.
You hear a bellow!
Aiming: Thunderbolt
Press: ? - help, Shift-Dir - straight line The thunderbolt hits the death yak!!
The death yak is severely wounded.
The thunderbolt hits the death yak.
The death yak is lightly wounded.
Unknown command.
You mangle the death yak!!
You kill the death yak!
A yak comes into view.
Your lightning rod (3/4) has regained one charge.
You feel yourself speed up.
The death yak gores you but does no damage.
You barely miss the death yak.
The death yak is lightly wounded.
A death yak comes into view.
A yak comes into view.
The yak is distracted by your dazzling golden aura.
The death yak gores you!!
* * * LOW HITPOINT WARNING * * *
The yak bellows!
You claw the death yak!
The death yak is moderately wounded.
You claw the death yak!
The death yak is moderately wounded.
The yak is distracted by your dazzling golden aura.
The death yak gores you!!
You die...
Your body crumbles into a pile of gold.

Skill      XL: |  1  2  3  4  5  6  7  8  9 10 |
---------------+-------------------------------+-----
Unarmed Combat | 3 5 7 8 10 11 | 11.6
Shapeshifting  | 4 5 6 7 9 10 | 10.2
Fighting       | 2 |  2.5
Dodging        | 2 |  2.5

Action                     |  1- 3 |  4- 6 |  7- 9 | 10-12 || total
---------------------------+-------+-------+-------+-------++-------
  Melee: Unarmed           |    75 |    92 |   151 |    33 ||   351
         Punch             |     1 |     4 |     3 |     4 ||    12
  Throw: Boomerang         |       |       |     6 |     5 ||    11
         Dart              |       |       |     4 |     3 ||     7
  Evoke: Wand              |       |       |     3 |     2 ||     5
         Lightning rod     |       |       |       |     3 ||     3
    Use: Scroll            |       |       |     8 |       ||     8
         Potion            |       |       |       |     3 ||     3
   Stab: Sleeping          |       |     1 |       |       ||     1
 Armour: Animal skin       |    30 |    20 |    42 |     3 ||    95
  Dodge: Dodged            |    28 |    37 |    51 |     8 ||   124

Levels and vault maps discovered:
D:1:      amcnicky_arrival_underground_garden, layout_rooms
D:2:      layout_basic, uniq_terence
D:3:      layout_basic, overflow_temple_1_default, nicolae_ru_awakened_eye
D:4:      layout_rooms, uniq_grinder
D:5:      layout_layer_cave, minmay_misc_feat_x, uniq_pikel,
          uniq_prince_ribbit1, uniq_edmund, uniq_eustachio
D:6:      layout_gridville, st_stairs_8, minmay_starry_boxes
D:7:      layout_basic, minmay_temple_entry_junction, serial_shops, shop
D:8:      layout_basic, tgw_kikubaaqudgha, nicolae_overflow_squiral,
          amethyst_killhole, solitary_fountain, solitary_fountain
D:9:      layout_basic, grunt_temple_overflow_open, dpeg_lair_monsters

Notes
Turn   | Place    | Note
-------+----------+-------------------------------------------
     0 | D:1      | AIAndy the Troll Shapeshifter began the quest for the Orb.
     0 | D:1      | Reached XP level 1. HP: 19/19 MP: 0/0
   135 | D:1      | Reached XP level 2. HP: 27/27 MP: 1/1
   250 | D:1      | Reached XP level 3. HP: 32/33 MP: 2/2
   311 | D:1      | Reached skill level 3 in Unarmed Combat
   638 | D:2      | Reached XP level 4. HP: 41/41 MP: 3/3
   790 | D:2      | Reached skill level 4 in Shapeshifting
   897 | D:2      | Noticed Terence
   904 | D:2      | Killed Terence
  1047 | D:2      | Reached XP level 5. HP: 48/48 MP: 4/4
  1377 | D:3      | Found an opulent altar of Gozag.
  1391 | D:3      | Reached skill level 4 in Unarmed Combat
  1393 | D:3      | Became a worshipper of Gozag Ym Sagoz the Greedy
  1475 | D:3      | Found a sacrificial altar of Ru.
  2218 | D:4      | Noticed Grinder
  2232 | D:4      | Killed Grinder
  2233 | D:4      | Reached skill level 5 in Unarmed Combat
  2233 | D:4      | Reached skill level 5 in Shapeshifting
  2233 | D:4      | Reached XP level 6. HP: 51/55 MP: 5/5
  2504 | D:5      | Entered Level 5 of the Dungeon
  2641 | D:5      | Noticed Edmund
  2648 | D:5      | Killed Edmund
  2649 | D:5      | Reached XP level 7. HP: 31/62 MP: 6/6
  2666 | D:5      | Noticed Eustachio
  2670 | D:5      | Killed Eustachio
  2671 | D:5      | Reached skill level 6 in Unarmed Combat
  2733 | D:5      | Noticed Pikel
  2741 | D:5      | Killed Pikel
  2742 | D:5      | Reached skill level 7 in Unarmed Combat
  2742 | D:5      | Reached skill level 6 in Shapeshifting
  2742 | D:5      | Reached XP level 8. HP: 61/70 MP: 7/7
  2985 | D:5      | Noticed Prince Ribbit
  3001 | D:5      | Killed Prince Ribbit
  3002 | D:5      | Reached skill level 7 in Shapeshifting
  3686 | D:6      | Reached skill level 8 in Unarmed Combat
  3857 | D:6      | Reached XP level 9. HP: 76/76 MP: 8/8
  4541 | D:7      | Reached skill level 9 in Unarmed Combat
  4541 | D:7      | Reached skill level 8 in Shapeshifting
  4688 | D:7      | Found a staircase to the Ecumenical Temple.
  5030 | D:7      | Found Leokuhi's Antique Weapon Boutique.
  5474 | D:8      | Found a hazy altar of Hepliaklqana.
  5477 | D:8      | Found a radiant altar of Vehumet.
  5783 | D:8      | Reached skill level 10 in Unarmed Combat
  5988 | D:8      | Found an ancient bone altar of Kikubaaqudgha.
  6207 | D:9      | Found a shimmering blue altar of Sif Muna.
  6208 | D:9      | Found a stormy altar of Qazlal.
  6212 | D:9      | Reached skill level 9 in Shapeshifting
  6217 | D:9      | Found a snail-covered altar of Cheibriados.
  6406 | D:9      | Reached XP level 10. HP: 72/85 MP: 9/9
  6554 | D:9      | Noticed a two-headed ogre
  6561 | D:9      | Killed a two-headed ogre
  6605 | D:9      | Found a staircase to the Lair.
  6605 | D:9      | Noticed a death yak
  6605 | D:9      | Noticed a death yak
  6607 | D:9      | Noticed a death yak
  6623 | D:9      | Noticed a death yak
  6624 | D:9      | Killed a death yak
  6625 | D:9      | Reached skill level 11 in Unarmed Combat
  6632 | D:9      | Killed a death yak
  6633 | D:9      | Reached skill level 10 in Shapeshifting
  6636 | D:9      | Noticed a death yak
  6640 | D:9      | HP: 1/85 [death yak (22)]
  6642 | D:9      | Killed a death yak
  6643 | D:9      | Reached skill level 2 in Fighting
  6643 | D:9      | Reached skill level 2 in Dodging
  6643 | D:9      | Noticed a death yak
  6650 | D:9      | Killed a death yak
  6652 | D:9      | Noticed a death yak
  6654 | D:9      | Slain by a death yak

Vanquished Creatures
  A two-headed ogre (D:9)
  4 death yaks (D:9)
  Pikel (D:5)
  Grinder (D:4)
  Prince Ribbit (D:5)
  A shadow (D:9)
  Eustachio (D:5)
  Edmund (D:5)
  2 water moccasins
  2 orc warriors
  2 ice beasts (D:7)
  3 sky beasts
  A black bear (D:6)
  A centaur (D:7)
  A phantom (D:6)
  3 bullfrogs
  A scorpion (D:5)
  4 wights (D:8)
  8 killer bees
  An electric eel (D:8)
  2 howler monkeys (D:9)
  A jelly (D:5)
  3 hounds
  A gnoll bouda (D:8)
  A sleepcap (D:7)
  Terence (D:2)
  6 iguanas
  2 orc wizards
  12 gnolls
  12 adders
  2 ufetubi
  2 dart slugs (D:1)
  18 orcs
  5 ball pythons
  6 endoplasms
  2 giant cockroaches
  9 goblins
  6 hobgoblins
  10 jackals
  5 kobolds
  5 quokkas
  7 bats
  2 frilled lizards (D:2)
  6 rats
166 creatures vanquished.

Vanquished Creatures (others)
  A human (D:8)
1 creature vanquished.

Grand Total: 167 creatures vanquished

Table legend: (Time is in decaauts)
 A = Elapsed time spent in this place.
 B = Non-inter-level travel time spent in this place.
 C = Inter-level travel time spent in this place.
 D = Time resting spent in this place.
 E = Time spent auto-exploring this place.
 F = Levels seen in this place.
 G = Mean time per level.
                   A        B        C        D        E       F      G
               +--------+--------+--------+--------+--------+-----+--------+
         Total |   6610 |   6359 |    251 |     41 |   5315 |   9 |  734.4 |
       Dungeon |   6610 |   6359 |    251 |     41 |   5315 |   9 |  734.4 |
               +--------+--------+--------+--------+--------+-----+--------+

Top non-repeatable levels by time:
     D:5: 1151 daAuts
     D:2: 880 daAuts
     D:6: 847 daAuts
     D:8: 832 daAuts
     D:7: 832 daAuts
     D:3: 664 daAuts
     D:4: 495 daAuts
     D:9: 453 daAuts
     D:1: 451 daAuts

Table legend:
 A = Non-vault XP
 B = Vault XP
 C = Vault XP percentage of total XP
 D = Non-vault monster count
 E = Vault monster count
 F = Vault count percentage of total count
                 A         B        C        D         E       F
            +---------+---------+-------+---------+---------+-------
      Total |    4627 |    5234 |  53.1 |     150 |      16 |   9.6
            +---------+---------+-------+---------+---------+-------
        D:1 |      62 |       0 |   0.0 |      32 |       0 |   0.0
        D:2 |     107 |      36 |  25.2 |      23 |       1 |   4.2
        D:3 |      38 |       0 |   0.0 |       8 |       0 |   0.0
        D:4 |     138 |     290 |  67.8 |      19 |       1 |   5.0
        D:5 |     216 |    1325 |  86.0 |       8 |       4 |  33.3
        D:6 |     502 |     349 |  41.0 |      12 |       6 |  33.3
        D:7 |    1318 |       0 |   0.0 |      18 |       0 |   0.0
        D:8 |     563 |       0 |   0.0 |      16 |       0 |   0.0
        D:9 |    1683 |    3234 |  65.8 |      14 |       4 |  22.2
            +---------+---------+-------+---------+---------+-------
